 Dungeon Crawl Stone Soup version 0.28-a0-529-g3bad584f25 (webtiles) character file.

Game seed: 6388666640699363071

196 Dittersdorf the Covered (level 5, 0/34 HPs)
             Began as a Gargoyle Fighter on Sept 24, 2021.
             Slain by Pikel (7 damage)
             ... on level 3 of the Dungeon.
             The game lasted 00:02:51 (3163 turns).

Dittersdorf the Covered (Gargoyle Fighter)          Turns: 3163, Time: 00:02:52

Health: 0/34       AC: 13    Str: 21    XL:     5   Next: 74%
Magic:  5/5        EV:  7    Int:  8    God:
Gold:   172        SH:  4    Dex:  9    Spells: 4/4 levels left

rFire   . . .      SeeInvis .   a - +0 flail
rCold   . . .      Faith    .   c - +0 buckler
rNeg    + . .      Spirit   .   g - +0 chain mail
rPois   ∞          Reflect  .   (no helmet)
rElec   +          Harm     .   (no cloak)
rCorr   +          Rampage  .   (no gloves)
Will    .....                   (no boots)
Stlth   ..........              m - amulet of regeneration
HPRegen 1.11/turn               q - ring of resist corrosion
MPRegen 0.09/turn               (no ring)

@: no status effects
A: sickness immunity, AC +4, negative energy resistance 1, electricity
resistance, torment resistance 1, petrification resistance
a: no special abilities


You were on level 3 of the Dungeon.
You visited 1 branch of the dungeon, and saw 4 of its levels.

You collected 172 gold pieces.

Inventory:

Hand Weapons
 a - a +0 flail (weapon)
Armour
 c - a +0 buckler (worn)
 g - a +0 chain mail (worn)
Jewellery
 m - an amulet of regeneration (around neck)
 q - a ring of resist corrosion (left hand)
Wands
 o - a wand of iceblast (10)
Scrolls
 h - a scroll of enchant weapon {unknown}
 i - 2 scrolls of noise {unknown}
 j - a scroll of immolation {unknown}
 k - 2 scrolls of enchant armour {unknown}
 l - 5 scrolls of identify {unknown}
 p - a scroll of torment {unknown}
 r - a scroll of blinking {unknown}
Potions
 b - a potion of degeneration {unknown}
 d - a potion of might
 e - a potion of brilliance {unknown}
 f - a potion of invisibility {unknown}
 n - a potion of lignification {unknown}


   Skills:
 + Level 4.5 Fighting
 + Level 3.4 Maces & Flails
 + Level 4.6 Armour
 - Level 4.0 Shields


You had 4 spell levels left.
You didn't know any spells.
Your spell library contained the following spells:

 Spells                   Type           Power      Damage    Failure   Level
 Freeze                   Ice            0%         1d3       98%         1
 Frozen Ramparts          Ice            0%         1d2       100%        3
 Hailstorm                Conj/Ice       0%         3d3       100%        4


Dungeon Overview and Level Annotations

Branches:
Dungeon (4/15)
 Temple: D:4-7

Altars:
Gozag
Xom

Shops:
D:1 :   D:2 *

Annotations:
D:3 Pikel


Innate Abilities, Weirdness & Mutations

You are immune to sickness and miasma.
Your stone body is resilient. (AC +4)
You are immune to poison.
You resist negative energy. (rN+)
You are resistant to electric shocks. (rElec)
You are resistant to unholy torment.
You are immune to petrification.


Message History

You barely miss Pikel.
Pikel is moderately wounded.
Pikel hits you with a +2 whip of freezing.
Pikel freezes you. Pikel closely misses you.
You sock Pikel!
Pikel is heavily wounded.
Pikel hits you but does no damage.
You miss Pikel.
Pikel is heavily wounded.
Pikel closely misses you.
You sock Pikel!
Pikel is almost dead.
You block Pikel's attack.
You hit Pikel but do no damage.
Pikel is almost dead.
Pikel hits you with a +2 whip of freezing.
Pikel freezes you. Pikel barely misses you.
You hit Pikel but do no damage.
Pikel is almost dead.
Pikel hits you with a +2 whip of freezing!
* * * LOW HITPOINT WARNING * * *
Pikel freezes you.
* * * LOW HITPOINT WARNING * * *
Your chain mail prevents you from hitting Pikel.
Pikel is almost dead.
You block Pikel's attack.
You hit Pikel but do no damage.
Pikel is almost dead.
Pikel hits you but does no damage.
You barely miss Pikel.
Pikel is almost dead.
Pikel barely misses you.
You closely miss Pikel.
Pikel is almost dead.
Pikel hits you with a +2 whip of freezing.
* * * LOW HITPOINT WARNING * * *
Pikel freezes you.
* * * LOW HITPOINT WARNING * * *
Pikel hits you with a +2 whip of freezing!
You die...

.##.......#....# ............#.)#
..........###..# ..#....#..# #.>#
#..[.#....####.# ..##....#...##.#
#.###....#.###.## #############
#...............####.....#.....##
#######.....##..@K55............#
...............###5..............
##############.# #...............
### #...............
#............... #...............
#............... ##.............#
##...>.#.....##


You could see Pikel and 3 lemures.

Vanquished Creatures
  A lemure (D:3)
  An iguana (D:2)
  2 orc wizards (D:3)
  5 adders
  A worm (D:3)
  A dart slug (D:1)
  10 orcs
  5 bats
  5 endoplasms
  2 giant cockroaches
  6 goblins
  5 hobgoblins
  3 kobolds
  2 quokkas
  10 ball pythons
  2 frilled lizards
  4 rats
65 creatures vanquished.

Notes
Turn   | Place    | Note
-------+----------+-------------------------------------------
     0 | D:1      | Dittersdorf the Gargoyle Fighter began the quest for the
                  | Orb.
     0 | D:1      | Reached XP level 1. HP: 14/14 MP: 1/1
     6 | D:1      | Noticed a snapping turtle
     6 | D:1      | Noticed a salamander
     7 | D:1      | Noticed a polar bear
     7 | D:1      | Noticed a hog
   199 | D:1      | Reached XP level 2. HP: 12/19 MP: 2/2
  1225 | D:1      | Found Geab's Book Boutique.
  1287 | D:1      | Reached XP level 3. HP: 21/23 MP: 3/3
  1490 | D:2      | Reached XP level 4. HP: 29/29 MP: 4/4
  1513 | D:2      | Found a faded altar of an unknown god.
  1688 | D:2      | Found Gyliw's Assorted Antiques.
  1809 | D:2      | Found a shimmering altar of Xom.
  2323 | D:3      | Reached XP level 5. HP: 19/33 MP: 5/5
  2692 | D:3      | Found an opulent altar of Gozag.
  3108 | D:4      | Noticed Pikel
  3108 | D:4      | Noticed a lemure
  3108 | D:4      | Noticed a lemure
  3108 | D:4      | Noticed a lemure
  3108 | D:4      | Noticed a lemure
  3123 | D:3      | Killed a lemure
  3163 | D:3      | Slain by Pikel

Illustrated notes

Levels and vault maps discovered:
D:1:      onia_arrival_zoo_common, layout_loops_corners, serial_shops, shop
D:2:      layout_loops_ring, basic_altar, dreamdust_ecumenical_altar_grove,
          serial_shops, nicolae_shop_waterfront, kennysheep_generic_room_16
D:3:      layout_rooms, grunt_gozag_breadcrumbs, minmay_misc_feat_hallway
D:4:      layout_cave_pods, uniq_pikel, uniq_eustachio

Skill      XL: |  1  2  3  4 |
---------------+-------------+-----
Fighting       | 4 |  4.5
Shields        | 4 |  4.0
Armour         | 4 |  4.6
Maces & Flails | 3 |  3.4

Action                   |  1- 3 |  4- 6 || total
-------------------------+-------+-------++-------
Melee: Flail             |    83 |   161 ||   244
Armor: Scale mail        |    28 |       ||    28
       Chain mail        |    20 |    96 ||   116
Dodge: Dodged            |    40 |    57 ||    97
Block: Buckler           |    14 |    35 ||    49

Table legend: (Time is in decaauts)
 A = Elapsed time spent in this place.
 B = Non-inter-level travel time spent in this place.
 C = Inter-level travel time spent in this place.
 D = Time resting spent in this place.
 E = Time spent auto-exploring this place.
 F = Levels seen in this place.
 G = Mean time per level.
                   A        B        C        D        E       F      G
               +--------+--------+--------+--------+--------+-----+--------+
         Total |   3229 |   3114 |    115 |    276 |   2213 |   4 |  807.2 |
       Dungeon |   3229 |   3114 |    115 |    276 |   2213 |   4 |  807.2 |
               +--------+--------+--------+--------+--------+-----+--------+

Top non-repeatable levels by time:
     D:1: 1349 daAuts
     D:2: 965 daAuts
     D:3: 908 daAuts
     D:4: 7 daAuts
